Map: Emerald City LE

Players

Massa - Winner!

  • Race: Zerg Zerg
  • League: Gold
  • Spawn Location: 5:00

qqq - Winner!

  • Race: Zerg Zerg
  • League: Platinum
  • Spawn Location: 5:00

VOD

Have the link to the VOD?

Description

Time

  • Played on: July 27, 2020, 2:01 p.m.
  • Length: 14:13
Show
View Real Time Build Order
Export as new Build Order

Massa Zerg - Winner!

Build Orders:  

Get SALT Encoding   

  12  0:25  Spawning Pool  
  11  0:31  Drone  
  12  0:44  Overlord  
  12  0:52  Drone  
  13  1:03  Drone  
  14  1:16  Extractor, Drone  
  14  1:23  Drone  
  15  1:34  Drone  
  16  1:43  Queen  
  18  1:55  Drone  
  19  2:15  Drone  
  20  2:22  Drone  
  21  2:43  Drone  
  22  3:00  Hatchery  
  21  3:13  Zergling x2  
  22  3:20  Overlord  
  22  3:49  Zergling x8  
  26  4:11  Zergling x6  
  29  4:25  Zergling x2  
  30  4:46  Zergling x6  
  33  4:57  Zergling x2  
  33  4:58  Zergling x4  
  36  5:26  Hatchery  
  35  5:35  Hatchery  
  33  6:05  Zergling x2  
  33  6:06  Zergling x4  
  33  6:09  Overlord x2  
  36  6:17  Metabolic Boost  
  31  6:59  Zergling x2  
  23  7:00  Zergling x10  
  23  7:09  Drone  
  29  7:10  Drone x3  
  32  7:21  Roach Warren  
  31  7:48  Zergling x2  
  31  7:49  Zergling x18  
  41  7:59  Drone x2  
  43  8:18  Hatchery  
  42  8:27  Overlord  
  42  8:31  Roach x4  
  50  9:12  Roach x7  
  64  9:33  Baneling Nest  
  47  10:21  Drone x10  
  47  10:22  Drone x2  
  55  11:06  Roach  
  55  11:07  Roach x7  
  70  11:22  Drone x5  
  70  11:23  Drone x2  
  77  12:08  Zergling x2  
  78  12:11  Overlord  
  78  12:12  Overlord x4  
  78  12:20  Lair  
  78  13:07  Zergling x2  
  78  13:08  Zergling x26  
  78  13:09  Zergling x2  
Show
View Real Time Build Order
Export as new Build Order

qqq Zerg - Winner!

Build Orders:  

Get SALT Encoding   

  12  0:26  Spawning Pool  
  11  0:32  Drone  
  12  0:45  Overlord  
  12  0:51  Drone  
  12  0:57  Drone  
  14  1:05  Extractor  
  13  1:15  Drone  
  14  1:26  Drone  
  15  1:33  Queen  
  15  1:39  Zergling x2  
  18  1:52  Zergling x2  
  19  2:03  Zergling x2  
  20  2:20  Overlord  
  20  2:49  Hatchery  
  19  2:59  Zergling x2  
  20  3:05  Zergling x2  
  21  3:10  Zergling x2  
  21  3:15  Zergling x2  
  23  3:20  Zergling x2  
  23  3:26  Zergling x2  
  25  3:36  Zergling x2  
  26  3:47  Metabolic Boost  
  26  3:54  Zergling x2  
  26  3:58  Zergling x4  
  26  3:59  Zergling x2  
  30  4:09  Overlord  
  30  4:22  Overlord  
  30  4:37  Zergling x2  
  31  4:42  Drone  
  26  4:54  Zergling x4  
  28  5:01  Roach Warren  
  28  5:03  Drone  
  28  5:09  Drone  
  29  5:18  Zergling x2  
  30  5:20  Drone  
  31  5:42  Drone x2  
  31  5:43  Drone x2  
  35  5:56  Drone  
  35  5:59  Drone  
  37  6:00  Drone x2  
  37  6:05  Drone  
  40  6:23  Zergling x4  
  40  6:24  Drone  
  35  6:41  Zergling x2  
  35  6:43  Drone  
  33  7:05  Zergling x2  
  33  7:06  Roach x2  
  33  7:07  Drone  
  33  7:08  Drone  
  40  7:19  Drone  
  41  7:21  Roach  
  46  7:30  Drone  
  43  7:33  Roach  
  46  7:45  Zergling x2  
  46  7:47  Drone, Hatchery  
  47  7:59  Zergling x2  
  48  8:01  Hatchery  
  48  8:08  Drone  
  48  8:14  Roach  
  48  8:16  Drone  
  51  8:31  Extractor  
  51  8:32  Drone x2  
  51  8:34  Overlord  
  51  8:36  Overlord  
  52  8:52  Overlord  
  52  8:53  Overlord  
  52  9:00  Roach x2  
  52  9:08  Drone  
  57  9:12  Hatchery  
  57  9:16  Overlord  
  56  9:27  Lair  
  56  9:29  Roach  
  58  9:30  Drone  
  58  9:31  Roach x2  
  57  9:50  Roach  
  57  9:51  Roach x2  
  63  10:00  Roach x2  
  63  10:01  Roach  
  69  10:15  Roach  
  69  10:17  Drone x2  
  73  10:22  Drone  
  74  10:38  Extractor  
  73  10:41  Glial Reconstitution  
  73  11:17  Roach x3  
  73  11:18  Drone x3  
  73  11:19  Drone x6  
  88  11:25  Drone  
  88  11:26  Drone x4  
  87  12:04  Roach x3  
  85  12:17  Roach  
  85  12:18  Roach x5  
  85  12:19  Roach x3  
  99  12:20  Zergling x2, Roach  
  92  12:37  Roach x2  
  92  12:38  Roach  
  94  12:40  Zergling x8  
  94  12:46  Extractor  
  95  12:50  Drone x4  
  95  12:51  Overlord  
Tags
 
Add a new tag
Caveats
  • Supply blocks, unpowered buildings, or Contaminate may cause inaccurate times.
  • Supply counts are checked every 10 seconds.